 Dungeon Crawl Stone Soup version 0.29.1-15-g9cfb28693d (webtiles) character file.

Game seed: 12472346801567400725

9 protoss039 the Digger (level 2, 0/20 HPs)
             Began as a Demonspawn Earth Elementalist on Mar 13, 2023.
             Slain by a frilled lizard (1 damage)
             ... on level 1 of the Dungeon.
             The game lasted 00:00:33 (420 turns).

protoss039 the Digger (DsEE)                         Turns: 420, Time: 00:00:34

Health: 0/20       AC:  3    Str:  8    XL:     2   Next: 6%
Magic:  0/5        EV: 12    Int: 16    God:
Gold:   18         SH:  0    Dex: 13    Spells: 4/5 levels left

rFire   . . .      SeeInvis .   e - +0 dagger
rCold   . . .      Faith    .   (no shield)
rNeg    . . .      Spirit   .   a - +0 robe
rPois   .          Reflect  .   (no helmet)
rElec   .          Harm     .   (no cloak)
rCorr   .          Rampage  .   (no gloves)
Will    .....                   d - +0 pair of boots
Stlth   ++........              (no amulet)
HPRegen 0.06/turn               (no ring)
MPRegen 0.09/turn               (no ring)

@: no status effects
A: weakness stinger 1
a: no special abilities


You were on level 1 of the Dungeon.
You visited 1 branch of the dungeon, and saw 1 of its levels.

You collected 18 gold pieces.

Inventory:

Hand Weapons
 e - a +0 dagger (weapon)
Armour
 a - a +0 robe (worn)
 d - a +0 pair of boots (worn)
Potions
 b - a potion of magic
 c - a potion of cancellation {unknown}


   Skills:
 + Level 0.8 Fighting
 - Level 1.7 Dodging
 - Level 1.7 Stealth
 + Level 2.2 Spellcasting
 - Level 0.8 Transmutations
 + Level 2.9 Earth Magic


You had 4 spell levels left.
You knew the following spells:

 Your Spells              Type           Power      Damage    Failure   Level
a - Sandblast             Erth           22%        2d7       6%          1

Your spell library contained the following spells:

 Spells                   Type           Power      Damage    Failure   Level
 Passwall                 Tmut/Erth      5%         N/A       14%         2
 Stone Arrow              Conj/Erth      12%        3d7       32%         3
 Petrify                  Tmut/Erth      7%         N/A       67%         4


Dungeon Overview and Level Annotations

Branches:
Dungeon (1/15) Zot: 5573

Altars:


Innate Abilities, Weirdness & Mutations

You have a small tail.


Message History

The ball python bites you. The ball python constricts you.
Your magical contamination has completely faded away.
You escape the ball python's grasp.
The ball python attacks as you move away!
The ball python barely misses you.
A frilled lizard comes into view.
A jackal comes into view.
The frilled lizard attacks as you move away!
The frilled lizard bites you.
There are no items here.
e - a +0 dagger (weapon)
The jackal barks!
The frilled lizard hisses angrily.
The jackal bites you but does no damage.
The jackal attacks as you move away! The jackal barely misses you.
The frilled lizard unfolds its giant frill.
A hobgoblin comes into view.
A dart slug comes into view.
The jackal bites you. The jackal attacks as you move away!
The jackal closely misses you. The frilled lizard bites you.
Casting: Sandblast (safe; 6% risk of failure)
Confirm with . or Enter, or press ? or * to list all spells.
Aiming: Sandblast (safe; 6% risk of failure)
Press: ? - help, Shift-Dir - straight line, f - frilled lizard
Aim: a frilled lizard (70% to hit)
The blast of sand misses the frilled lizard.
The blast of sand misses the hobgoblin.
The hobgoblin shouts!
The jackal bites you.
* * * LOW HITPOINT WARNING * * *
The jackal bites you.
* * * LOW HITPOINT WARNING * * *
The frilled lizard barely misses you.
Unknown command.
Unknown command.
Casting: Sandblast (safe; 6% risk of failure)
Confirm with . or Enter, or press ? or * to list all spells.
You don't have enough magic to cast this spell.
You miss the frilled lizard. The jackal bites you.
* * * LOW HITPOINT WARNING * * *
The frilled lizard bites you.
You die...

~≈~≈~~≈~~PP~≈≈≈≈≈≈~~P~..
.~~~~~~~~.~~≈~P≈≈≈≈≈PP~~
...........~~~~~~≈≈≈≈≈~≈
####...#.....~~~~~~P≈≈~
#.#r#........P.~~P≈~
#.#S#..........~~~≈≈ #
#l#......>......~≈
#h##########'...P≈
#@##.............#
#l##.............#
..##............##
..g##..........###
~...##..........#
~.w..##..........#
~~~..###.........>## #
~P~~♣# #...........# #
#...........# #


You could see a dart slug, a jackal, a hobgoblin, a ball python, 2 frilled
lizards and a rat.

Vanquished Creatures
  A bat (D:1)
  2 goblins (D:1)
  2 jackals (D:1)
  A quokka (D:1)
  A ball python (D:1)
  A frilled lizard (D:1)
8 creatures vanquished.

Vanquished Creatures (others)
  7 plants (D:1)
7 creatures vanquished.

Grand Total: 15 creatures vanquished

Notes
Turn   | Place    | Note
-------+----------+-------------------------------------------
     0 | D:1      | protoss039 the Demonspawn Earth Elementalist began the
                  | quest for the Orb.
     0 | D:1      | Reached XP level 1. HP: 13/13 MP: 3/3
   403 | D:1      | Gained mutation: You have a small tail. [demonic ancestry]
   403 | D:1      | Reached XP level 2. HP: 20/20 MP: 3/5
   420 | D:1      | HP: 1/20 [jackal (2)]
   420 | D:1      | Slain by a frilled lizard

Illustrated notes

Levels and vault maps discovered:
D:1:      lemuel_arrival_hallway, layout_basic, dreamdust_princess_corridor,
          roderic_lattice_a, serial_bayou_pond_b, chequers_big_river

Action                   || total
-------------------------++-------
Melee: Unarmed           ||     8
       Dagger            ||     1
       Tailslap          ||     1
 Cast: Sandblast         ||    11
Armor: Robe              ||     6
Dodge: Dodged            ||    19
